 Dungeon Crawl Stone Soup version 0.29.0-7-g18a832c13a (webtiles) character file.

Game seed: 13444776641184011924

959 mdonais the Trooper (level 8, -3/68 HPs)
             Began as a Formicid Cinder Acolyte on Aug 31, 2022.
             Was an Elder of Ignis.
             Slain by a wolf (7 damage)
             ... on level 5 of the Dungeon.
             The game lasted 00:17:59 (5771 turns).

mdonais the Trooper (Formicid Cinder Acolyte)       Turns: 5771, Time: 00:18:00

Health: -3/68      AC:  8    Str: 20    XL:     8   Next: 37%
Magic:  1/9        EV: 11    Int: 15    God:    Ignis [****..]
Gold:   341        SH:  0    Dex:  9    Spells: 7/9 levels left

rFire   + . .      SeeInvis +   a - -1 hand axe (flame)
rCold   . . .      Faith    .   (no shield)
rNeg    . . .      Spirit   .   e - +2 leather armour {rPois}
rPois   +          Reflect  .   (helmet unavailable)
rElec   .          Harm     .   m - +1 cloak
rCorr   .          Rampage  .   A - +0 pair of gloves
Will    .....                   (no boots)
Stlth   +.........              (no amulet)
HPRegen 0.21/turn               (no ring)
MPRegen 0.11/turn               (no ring)

@: very slightly contaminated
A: permanent stasis, dig shafts and tunnels, antennae 3, four strong arms
a: Dig, Shaft Self, Renounce Religion, Fiery Armour, Foxfire Swarm, Rising Flame


You were on level 5 of the Dungeon.
You worshipped Ignis.
Ignis was greatly pleased with you.
You visited 1 branch of the dungeon, and saw 5 of its levels.
You also visited: Sewer.

You collected 341 gold pieces.

Inventory:

Hand Weapons
 a - a -1 hand axe of flaming (weapon)
 b - a +0 shortbow
   (You found it on level 4 of the Dungeon)
 i - a +0 war axe
   (You found it on level 1 of the Dungeon)
 z - a +1 flail of protection
   (You took it off Edmund on level 5 of the Dungeon)
Missiles
 v - 4 javelins
Armour
 e - a +2 leather armour of poison resistance (worn)
   (You found it on level 1 of the Dungeon)
 j - a scarf of resistance
   (You found it on level 1 of the Dungeon)
 m - a +1 cloak (worn)
   (You found it on level 1 of the Dungeon)
 A - a +0 pair of gloves (worn)
   (You found it on level 5 of the Dungeon)
Magical Staves
 x - a staff of death
   (You found it on level 5 of the Dungeon)
Jewellery
 q - a ring of ice
   (You found it on level 2 of the Dungeon)
Scrolls
 c - a scroll of silence
 g - 2 scrolls of fog
 h - a scroll of teleportation {unknown}
 k - a scroll of amnesia {unknown}
 p - 3 scrolls of immolation {unknown}
 r - 2 scrolls of fear {unknown}
 s - a scroll of enchant weapon {unknown}
 w - a scroll of poison
 y - a scroll of torment {unknown}
 M - a scroll of magic mapping
Potions
 f - a potion of might
 l - 7 potions of flight
 n - 3 potions of mutation
 o - 2 potions of magic {unknown}
 t - a potion of brilliance
 u - 2 potions of haste {unknown}
 Q - 2 potions of curing


   Skills:
 + Level 7.8 Fighting
 + Level 6.8 Axes
 - Level 2.0 Armour
 - Level 1.1 Spellcasting
 - Level 3.0 Fire Magic


You had 7 spell levels left.
You knew the following spells:

 Your Spells              Type           Power      Damage    Failure   Level
a - Scorch                Fire           18%        2d5       12%         2

Your spell library contained the following spells:

 Spells                   Type           Power      Damage    Failure   Level
 Necrotise                Necr           0%         1d4       28%         1
 Ensorcelled Hibernation  Hex/Ice        0%         N/A       38%         2
 Passwall                 Tmut/Erth      0%         N/A       38%         2
 Vampiric Draining        Necr           0%         2d6       63%         3
 Agony                    Necr           0%         N/A       100%        5
 Swiftness                Air            Unusable   N/A       N/A         3

Dungeon Overview and Level Annotations

Branches:
Dungeon (5/15) Zot: 25209   Sewer (visited)
 Temple: D:4-7

Altars:
Nemelex Xobeh
Qazlal
Uskayaw
Xom

Shops:
D:5 =

Annotations:
D:3 1 runed translucent door, Crazy Yiuf


Innate Abilities, Weirdness & Mutations

You cannot be hasted, slowed, berserked, paralysed or teleported.
You can dig through walls and to a lower floor.
You have a pair of large antennae on your head. (SInv)
Your four strong arms can wield two-handed weapons with a shield.


Message History

You take 2 damage, and have 54/68 hp.
You hit the wolf. You burn the wolf.
The wolf is moderately wounded.
The wolf bites you. The wolf barely misses you.
You take 5 damage, and have 49/68 hp.
You closely miss the wolf.
The wolf is moderately wounded.
The wolf bites you. The wolf closely misses you.
You take 3 damage, and have 46/68 hp.
You miss the wolf.
The wolf is moderately wounded.
The wolf bites you but does no damage.
You closely miss the wolf.
The wolf is moderately wounded.
The wolf barely misses you. The wolf misses you.
You hit the wolf. You burn the wolf.
The wolf is moderately wounded.
A wolf comes into view.
The wolf bites you but does no damage. The wolf bites you.
The wolf moves out of view.
You take 1 damage, and have 46/68 hp.
Casting: Scorch (safe; 12% risk of failure)
Confirm with . or Enter, or press ? or * to list all spells.
You miscast Scorch.
You are very lightly contaminated with residual magic.
Nothing appears to happen.
The wolf bites you but does no damage. The wolf barely misses you.
You now have 0/9 mp.
You completely miss the wolf.
The wolf is moderately wounded.
The wolf misses you.
You closely miss the wolf.
The wolf is moderately wounded.
The wolf bites you. The wolf bites you!
You take 10 damage, and have 36/68 hp.
You miss the wolf. Your punch misses the wolf.
The wolf is moderately wounded.
The wolf bites you. The wolf bites you but does no damage.
You take 4 damage, and have 32/68 hp.
You are too injured to fight recklessly!
You are too injured to fight recklessly!
You are too injured to fight recklessly!
You are too injured to fight recklessly!
You hit the wolf. You burn the wolf.
The wolf is heavily wounded.
The wolf bites you but does no damage.
You closely miss the wolf.
The wolf is heavily wounded.
The wolf barely misses you. The wolf bites you but does no damage.
You closely miss the wolf.
The wolf is heavily wounded.
The wolf closely misses you. The wolf bites you.
You take 2 damage, and have 30/68 hp.
You barely miss the wolf.
The wolf is heavily wounded.
The wolf bites you.
Your magical contamination has completely faded away.
You take 1 damage, and have 29/68 hp.
You miss the wolf.
The wolf is heavily wounded.
The wolf barely misses you. x2
You closely miss the wolf.
The wolf is heavily wounded.
The wolf barely misses you. The wolf bites you!
You take 7 damage, and have 23/68 hp.
You barely miss the wolf.
The wolf is moderately wounded.
The wolf howls!
You hear a howl!
The wolf barely misses you.
You miss the wolf.
The wolf is moderately wounded.
The wolf bites you but does no damage. The wolf bites you.
You take 2 damage, and have 21/68 hp.
You hit the wolf. You burn the wolf.
The wolf is severely wounded.
The wolf closely misses you.
You barely miss the wolf.
The wolf is severely wounded.
The wolf bites you.
* * * LOW HITPOINT WARNING * * *
The wolf bites you!
* * * LOW HITPOINT WARNING * * *
You take 8 damage, and have 13/68 hp.
You are confused.
You feel invigorated. The wolf barely misses you. x2
The wolf bites you but does no damage. x2
You regained 4 hp, and now have 17/68 hp.
You regained 5 mp, and now have 6/9 mp.
You regained 4 hp, and now have 21/68 hp.
MP restored: 9 You're too confused to move!
The wolf bites you. x2
* * * LOW HITPOINT WARNING * * *
The wolf bites you but does no damage. x2
You take 1 damage, and have 20/68 hp.
You miss the wolf.
The wolf is severely wounded.
You closely miss the wolf. The wolf bites you!
* * * LOW HITPOINT WARNING * * *
The wolf misses you. The wolf bites you.
* * * LOW HITPOINT WARNING * * *
The wolf bites you.
* * * LOW HITPOINT WARNING * * *
You take 9 damage, and have 11/68 hp.
You hit the wolf but do no damage.
The wolf is severely wounded.
You hit the wolf. You burn the wolf.
The wolf bites you but does no damage. x2
You regained 6 hp, and now have 17/68 hp.
You bump into the rock wall.
The wolf bites you but does no damage. The wolf bites you.
* * * LOW HITPOINT WARNING * * *
The wolf barely misses you. The wolf misses you.
You closely miss the wolf.
The wolf is heavily wounded.
You hit the wolf. You burn the wolf.
You feel less invigorated.
You feel less confused.
The wolf bites you but does no damage. x2; The wolf bites you.
* * * LOW HITPOINT WARNING * * *
The wolf bites you.
* * * LOW HITPOINT WARNING * * *
You take 2 damage, and have 16/68 hp.
Casting: Scorch (safe; 12% risk of failure)
Confirm with . or Enter, or press ? or * to list all spells.
You miscast Scorch.
You are very lightly contaminated with residual magic.
Nothing appears to happen.
The wolf misses you. The wolf bites you but does no damage.
You now have 7/9 mp.
Casting: Scorch (safe; 12% risk of failure)
Confirm with . or Enter, or press ? or * to list all spells.
Flames lash the wolf.
The wolf is moderately wounded.
The wolf's fire resistance burns away.
The wolf completely misses you. The wolf bites you.
* * * LOW HITPOINT WARNING * * *
The wolf misses you. The wolf bites you.
* * * LOW HITPOINT WARNING * * *
You take 7 damage, and have 9/68 hp.
You now have 5/9 mp.
Casting: Scorch (safe; 12% risk of failure)
Confirm with . or Enter, or press ? or * to list all spells.
Flames lash the wolf.
The wolf is burned terribly!
The wolf is almost dead.
The wolf bites you but does no damage. x2; The wolf barely misses you.
The wolf bites you but does no damage.
You now have 3/9 mp.
Casting: Scorch (safe; 12% risk of failure)
Confirm with . or Enter, or press ? or * to list all spells.
Flames lash the wolf but do no damage.
The wolf bites you.
* * * LOW HITPOINT WARNING * * *
The wolf bites you!
You die...

#. ## .# ###.#.... ..###.
..# #.#.... ...#.. #.# #
#.#.... ......# #.#.#
#.#.... .......##.#.#.##.
#.#.... ........#.#.# #∩.
.#.... .......†..# ###
#.#.... ........h.# ...
#.#.... ...##.##h@# #######
#.... . # ##..# ..... #....
....#...############....
#........(..........##.
...###.####......##...#....
..#...##.........#.###....
#...#.....................
{##..>#...##................
##...##.....................


You could see 2 wolves.

Vanquished Creatures
  Edmund (D:5)
  An ogre (D:5)
  A phantom (D:5)
  2 scorpions
  6 hounds
  An orc priest (D:5)
  3 orc wizards
  5 gnolls (D:5)
  8 adders
  3 river rats (Sewer)
  6 worms
  4 dart slugs
  6 orcs
  17 ball pythons
  13 bats
  6 endoplasms
  7 giant cockroaches
  5 goblins
  5 hobgoblins
  7 jackals
  9 kobolds
  5 quokkas
  3 frilled lizards
  4 rats
128 creatures vanquished.

Vanquished Creatures (others)
  46 foxfires (D:5)
46 creatures vanquished.

Grand Total: 174 creatures vanquished

Notes
Turn   | Place    | Note
-------+----------+-------------------------------------------
     0 | D:1      | mdonais the Formicid Cinder Acolyte began the quest for the
                  | Orb.
     0 | D:1      | Reached XP level 1. HP: 18/18 MP: 2/2
   178 | D:1      | Reached XP level 2. HP: 24/24 MP: 3/3
   487 | D:1      | Reached XP level 3. HP: 25/30 MP: 4/4
   652 | D:1      | Reached skill level 4 in Fighting
   881 | D:1      | Found a faded altar of an unknown god.
  1246 | D:2      | Reached XP level 4. HP: 37/37 MP: 5/5
  1279 | D:2      | Learned a level 2 spell: Scorch
  2141 | D:3      | Noticed a scorpion
  2170 | D:3      | Killed a scorpion
  2171 | D:3      | Reached XP level 5. HP: 25/43 MP: 1/6
  2451 | D:3      | Reached skill level 5 in Fighting
  2659 | D:3      | Found a sparkling altar of Nemelex Xobeh.
  2662 | D:3      | Found a shimmering altar of Xom.
  2757 | D:3      | Found a runed translucent door.
  2758 | D:3      | Noticed Crazy Yiuf
  2932 | D:4      | Reached XP level 6. HP: 29/51 MP: 2/7
  3014 | D:4      | Found a hide-covered altar of Uskayaw.
  3060 | D:4      | Found a glowing drain.
  3092 | Sewer    | Entered a sewer
  3098 | Sewer    | Reached skill level 5 in Axes
  3372 | Sewer    | Reached skill level 1 in Armour
  4242 | D:4      | Found a stormy altar of Qazlal.
  4344 | D:4      | Reached XP level 7. HP: 54/55 MP: 3/8
  4788 | D:5      | Entered Level 5 of the Dungeon
  4900 | D:5      | Reached skill level 6 in Fighting
  5244 | D:5      | Reached skill level 7 in Fighting
  5322 | D:5      | Noticed Edmund
  5338 | D:5      | Killed Edmund
  5339 | D:5      | Reached XP level 8. HP: 28/67 MP: 1/9
  5717 | D:5      | Found Majozxesh's Jewellery Shoppe.
  5771 | D:5      | Slain by a wolf

Illustrated notes

Levels and vault maps discovered:
D:1:      onia_arrival_pentagram, layout_loops_cross,
          chequers_ecumenical_altar_grove, skrybe_limestone_x,
          minmay_misc_feat_encased, minmay_small_reverse_x
D:2:      layout_loops_ring
D:3:      layout_rooms, nicolae_overflow_squiral,
          chequers_serial_rivers_large_a, uniq_crazy_yiuf_cottage
D:4:      layout_gridville, mainiacjoe_overflow_tiny_flanked,
          mainiacjoe_overflow_alcove_1, cheibrodos_sewer_entry_sluice
D:5:      layout_cave_pools, marbit_many_paths, serial_gnoll_camp,
          gnoll_camp_medium_01, gnoll_camp_mini_loothouse,
          gnoll_camp_mini_doghouse, gnoll_camp_mini_hut, grums_kennel,
          nicolae_inconvenience_store, uniq_edmund

Skill      XL: |  1  2  3  4  5  6  7 |
---------------+----------------------+-----
Fighting       | 4 5 7 |  7.8
Axes           | 4 5 6 |  6.8
Armour         | 1 2 |  2.0
Spellcasting   | |  1.1
Fire Magic     | |  3.0

Action                   |  1- 3 |  4- 6 |  7- 9 || total
-------------------------+-------+-------+-------++-------
Melee: Hand axe          |    79 |   203 |    46 ||   328
       Punch             |       |     3 |       ||     3
 Fire: Shortbow          |       |       |    16 ||    16
 Cast: Scorch            |       |    42 |    33 ||    75
Invok: Foxfire Swarm     |       |       |     2 ||     2
 Abil: Dig               |       |     2 |       ||     2
  Use: Scroll            |       |    10 |     2 ||    12
       Potion            |       |       |     1 ||     1
Armor: Robe              |     1 |       |       ||     1
       Leather armour    |    23 |    81 |    30 ||   134
Dodge: Dodged            |    37 |   135 |    38 ||   210
